 Dungeon Crawl Stone Soup version 0.29.1-2-gbd0b4ee654 (webtiles) character file.

Game seed: 14853556416860200211

1152 zeram the Ducker (level 8, -4/52 HPs)
             Began as an Octopode Fighter on Nov 10, 2022.
             Was an Initiate of Yredelemnul.
             Slain by a gnoll
             ... wielding a +0 flail
             ... led by a gnoll sergeant
              (15 damage)
             ... on level 6 of the Dungeon.
             The game lasted 00:10:46 (5447 turns).

zeram the Ducker (Octopode Fighter)                 Turns: 5447, Time: 00:10:46

Health: -4/52      AC:  1    Str: 17    XL:     8   Next: 38%
Magic:  11/11      EV: 14    Int: 13    God:    Yredelemnul [......]
Gold:   308        SH:  5    Dex: 11    Spells: 11/11 levels left

rFire   . . .      SeeInvis .   f - +11 whip of Wuavoiz {venom, Will++ Str+2}
rCold   . . .      Faith    .   b - +0 buckler
rNeg    . . .      Spirit   .   (helmet restricted)
rPois   .          Reflect  .   (no amulet)
rElec   .          Harm     .   (no ring)
rCorr   .          Rampage  .   (no ring)
Will    ++...                   (no ring)
Stlth   ++........              (no ring)
HPRegen 0.17/turn               (no ring)
MPRegen 0.12/turn               (no ring)
                                (no ring)
                                (no ring)

@: no status effects
A: almost no armour, amphibious, 8 rings, camouflage 1, gelatinous body 1,
(nimble swimmer 1), tentacles
a: Renounce Religion, Recall Undead Harvest


You were on level 6 of the Dungeon.
You worshipped Yredelemnul.
Yredelemnul was noncommittal.
You visited 2 branches of the dungeon, and saw 7 of its levels.
You also visited: Ossuary.

You collected 308 gold pieces.

Inventory:

Hand Weapons
 a - a +1 trident of electrocution
 f - the +11 whip of Wuavoiz (weapon) {venom, Will++ Str+2}
   (You found it on level 2 of the Dungeon)

   It poisons the flesh of those it strikes.
   Str:       It affects your strength (+2).
   Will:      It greatly increases your willpower.
Missiles
 v - 3 throwing nets (quivered)
Armour
 b - a +0 buckler (worn)
Wands
 q - a wand of paralysis (12)
 r - a wand of mindburst (14)
 x - a wand of polymorph (10)
Scrolls
 e - 2 scrolls of butterflies
 i - 4 scrolls of teleportation
 m - a scroll of brand weapon
 p - 2 scrolls of fear
 s - a scroll of magic mapping
Potions
 c - 2 potions of might
 g - a potion of invisibility {unknown}
 h - a potion of curing
 j - 3 potions of brilliance
 k - a potion of mutation {unknown}
 l - 2 potions of resistance
 n - a potion of haste {unknown}
 o - 2 potions of cancellation
 t - a potion of degeneration {unknown}
 u - a potion of attraction {unknown}
 z - a potion of lignification {unknown}


   Skills:
 - Level 3.0 Fighting
 + Level 5.1 Maces & Flails
 - Level 3.9 Polearms
 + Level 6.2 Dodging
 + Level 4.9 Shields
 * Level 2.3 Spellcasting


You had 11 spell levels left.
You didn't know any spells.
Your spell library contained the following spells:

 Spells                   Type           Power      Damage    Failure   Level
 Conjure Flame            Conj/Fire      1%         6-21      67%         3
 Ignite Poison            Fire/Tmut/Pois 1%         N/A       67%         3
 Mephitic Cloud           Conj/Pois/Air  1%         N/A       67%         3
 Ozocubu's Armour         Ice            1%         N/A       67%         3
 Sticky Flame             Conj/Fire      1%         2d3       97%         4
 Freezing Cloud           Conj/Ice/Air   0%         6-21      100%        5
 Ozocubu's Refrigeration  Ice            0%         4d7       100%        7


Dungeon Overview and Level Annotations

Branches:
Dungeon (6/15)             Temple (1/1) D:6         Ossuary (visited)

Altars:
Ashenzari
Cheibriados
Dithmenos
Elyvilon
Hepliaklqana
Nemelex Xobeh
Okawaru
Qazlal
Ru
Trog
Uskayaw
Vehumet
Wu Jian
Yredelemnul
Zin
The Shining One

Shops:
D:1 =   D:2 =

Annotations:
D:3 1 runed translucent door, mkat's ghost, amateur DEAE
D:4 2 transporters, TheSexyCheese's ghost, novice HOFi
D:5 2 runed translucent doors, CBASSkasper's ghost, novice MiBe; Crazy Yiuf


Innate Abilities, Weirdness & Mutations

You cannot wear most types of armour.
You are amphibious.
You can wear up to eight rings at the same time.
Your skin changes colour to match your surroundings (Stealth+).
Your rubbery body absorbs attacks. (AC +1, EV +1)
((You are camouflaged when in or above water. (Stealth+)))
You have tentacles for arms and can constrict up to eight enemies at once.


Message History

There is a staircase to the Ecumenical Temple here.
You see here the +5 flail "Latuxamn" {elec, Str+3}.
Found a stone staircase leading down.
A gnoll comes into view. It is wielding a +0 flail.
A gnoll is nearby!
A gnoll is nearby!
A gnoll is nearby!
A gnoll is nearby!
A gnoll sergeant comes into view. It is wielding a +2 spear of flaming.
The gnoll sergeant shouts!
You hear a shout!
A gnoll comes into view. It is wielding a +0 club.
The gnoll sergeant moves out of view.
The gnoll shouts!
You block the gnoll's attack.
The gnoll sergeant hits you from afar with a +2 spear of flaming!
The gnoll sergeant burns you!
You closely miss the gnoll. You grab the gnoll. You squeeze the gnoll.
The gnoll is lightly wounded.
You constrict the gnoll. The gnoll barely misses you.
The gnoll sergeant closely misses you.
You whack the gnoll!
You kill the gnoll!
The gnoll hits you with a +0 flail! The gnoll sergeant barely misses you.
You are too injured to fight recklessly!
You are too injured to fight recklessly!
You are too injured to fight recklessly!
You are too injured to fight recklessly!
You are too injured to fight recklessly!
Unknown command.
You are too injured to fight recklessly!
You are too injured to fight recklessly!
You are too injured to fight recklessly!
Unknown command.
The gnoll attacks as you move away! The gnoll hits you with a +0 flail.
The gnoll attacks as you move away! The gnoll hits you with a +0 flail!
* * * LOW HITPOINT WARNING * * *
There is a stone staircase leading down here.
The gnoll hits you with a +0 flail!
You die...
Your body rises from the dead as a mindless zombie.

#### ...# ###...#...
. ####..)....... .
#####....#...#...##.
#..@gg.###...# .....
#....#.# ...# #.#.#
#....#.###...###.#..
#........######.....
#........#......))#.
###...............#.
#.#####......)....
#... ##.......##. #.
#...........


You could see a gnoll sergeant and a gnoll.

Vanquished Creatures
  An ice beast (D:5)
  2 ogres
  A centaur (D:5)
  A phantom (D:5)
  A howler monkey (D:5)
  4 centaur zombies (Ossuary)
  A quasit (D:6)
  A gnoll bouda (D:6)
  3 orc priests
  A hound (D:5)
  An iguana (D:5)
  Natasha (thrice) (D:2)
  6 mummies (Ossuary)
  6 gnolls (D:6)
  8 adders
  A shadow imp (D:5)
  An ufetubus (D:6)
  2 dart slugs
  10 orcs
  5 bats
  6 endoplasms
  2 giant cockroaches
  6 goblins
  4 hobgoblins
  A quokka (D:5)
  4 ball pythons
  4 frilled lizards
  9 hobgoblin zombies
  5 kobolds
  2 kobold skeletons (D:6)
  A kobold zombie (D:6)
  An orc skeleton (D:6)
  An orc zombie (D:6)
  2 rats (D:1)
107 creatures vanquished.

Notes
Turn   | Place    | Note
-------+----------+-------------------------------------------
     0 | D:1      | zeram the Octopode Fighter began the quest for the Orb.
     0 | D:1      | Reached XP level 1. HP: 16/16 MP: 1/1
   208 | D:1      | Reached XP level 2. HP: 21/21 MP: 2/2
   361 | D:1      | Found Mioc's Jewellery Emporium.
   653 | D:2      | Reached XP level 3. HP: 22/26 MP: 3/3
   809 | D:2      | Identified the +11 whip of Wuavoiz {venom, Will++ Str+2}
   846 | D:2      | Noticed Natasha
   854 | D:2      | Killed Natasha
   855 | D:2      | Reached XP level 4. HP: 22/31 MP: 4/4
  1053 | D:2      | Noticed Natasha
  1060 | D:2      | Killed Natasha
  1061 | D:2      | Reached skill level 4 in Dodging
  1068 | D:2      | Noticed Natasha
  1074 | D:2      | Killed Natasha
  1075 | D:2      | Reached XP level 5. HP: 20/36 MP: 5/5
  1274 | D:2      | Found Daut's Jewellery Shop.
  1779 | D:3      | Found a faded altar of an unknown god.
  1781 | D:3      | Found a runed translucent door.
  2128 | D:3      | Noticed mkat's ghost (amateur DEAE)
  2298 | D:4      | Found a glowing silver altar of Zin.
  2369 | D:4      | Noticed an ogre
  2376 | D:4      | Killed an ogre
  2377 | D:4      | Reached XP level 6. HP: 39/42 MP: 6/6
  2512 | D:4      | Reached skill level 1 in Maces & Flails
  2540 | D:4      | Found a transporter.
  2551 | D:4      | Noticed TheSexyCheese's ghost (novice HOFi)
  2612 | D:4      | Found a sparkling altar of Nemelex Xobeh.
  2804 | D:4      | Found a sand-covered staircase.
  2809 | Ossuary  | Entered an ossuary
  2948 | Ossuary  | Reached skill level 5 in Dodging
  2960 | Ossuary  | Reached XP level 7. HP: 31/46 MP: 7/7
  3196 | D:4      | Found a transporter.
  3362 | D:5      | Entered Level 5 of the Dungeon
  3387 | D:5      | Found a runed translucent door.
  3388 | D:5      | Noticed Crazy Yiuf
  3459 | D:5      | Found a white marble altar of Elyvilon.
  3517 | D:5      | Found a runed translucent door.
  3520 | D:5      | Noticed CBASSkasper's ghost (novice MiBe)
  3673 | D:5      | Reached skill level 1 in Spellcasting
  4266 | D:5      | Reached XP level 8. HP: 39/52 MP: 10/10
  4416 | D:5      | Identified the +2 ring mail of the Baker {Rampage}
  4628 | D:6      | Found a glowing golden altar of the Shining One.
  4673 | D:6      | Reached skill level 6 in Dodging
  4976 | D:6      | Reached skill level 5 in Maces & Flails
  5168 | D:6      | Found a staircase to the Ecumenical Temple.
  5189 | Temple   | Entered the Ecumenical Temple
  5392 | Temple   | Became a worshipper of Yredelemnul the Dark
  5420 | D:6      | Identified the +5 flail "Latuxamn" {elec, Str+3}
  5447 | D:6      | Slain by a gnoll

Illustrated notes

Levels and vault maps discovered:
D:1:      dpeg_arrival_round_c, layout_basic, serial_shops, shop
D:2:      layout_loops_ring, serial_shops, shop, uniq_natasha
D:3:      layout_loops_ring, ebering_ghost_reflecting_pool,
          basic_ecumenical_altar
D:4:      layout_loops_ring, mainiacjoe_overflow_tiny_flanked,
          old_standard_altar, enter_ossuary_5, gammafunk_ghost_stat_death,
          nicolae_figureground_sparkle
D:5:      layout_loops_corners, mainiacjoe_overflow_six_doors_small,
          ebering_ghost_sewer_d, grunt_ministairs_8, uniq_crazy_yiuf_cottage
D:6:      layout_basic, xom_redecorated, nicolae_tso_besieged_by_evil,
          minmay_temple_entry_ruins, nicolae_lava_and_water,
          nicolae_stop_n_shop_2, bh_walls_and_bars
Temple:   nicolae_temple_slightly_damp_pantheon

Skill      XL: |  1  2  3  4  5  6  7  8 |
---------------+-------------------------+-----
Polearms       | 3 |  3.9
Dodging        | 4 5 6 |  6.2
Shields        | 4 |  4.9
Maces & Flails | 2 4 5 |  5.1
Spellcasting   | 1 2 |  2.3
Fighting       | |  3.0

Action                   |  1- 3 |  4- 6 |  7- 9 || total
-------------------------+-------+-------+-------++-------
Melee: Trident           |    51 |       |       ||    51
       Constrict         |    12 |    13 |    17 ||    42
       Tentacles         |     3 |     7 |    16 ||    26
       Whip              |     3 |    65 |    93 ||   161
       Punch             |       |       |     3 ||     3
  Use: Scroll            |     2 |     4 |    10 ||    16
       Potion            |       |     3 |     2 ||     5
 Stab: Sleeping          |     8 |     4 |     4 ||    16
Armor: Skin              |     2 |     9 |     3 ||    14
Dodge: Dodged            |    24 |    73 |    54 ||   151
Block: Buckler           |     6 |    18 |    17 ||    41
